 Dungeon Crawl Stone Soup version 0.27-a0-1147-gb3d8e82157 (webtiles) character file.

Game seed: 2839478571038042724

55 experimilk the Covered (level 3, -1/24 HPs)
             Began as a Gargoyle Fighter on May 12, 2021.
             Frozen to death by an endoplasm (3 damage)
             ... on level 2 of the Dungeon.
             The game lasted 00:04:38 (1694 turns).

experimilk the Covered (Gargoyle Fighter)           Turns: 1694, Time: 00:04:38

Health: -1/24      AC: 11    Str: 19    XL:     3   Next: 93%
Magic:  3/3        EV:  7    Int:  8    God:
Gold:   35         SH:  9    Dex: 10    Spells: 2/2 levels left

rFire    . . .     SeeInvis .   a - +0 flail
rCold    . . .     Faith    .   c - +0 kite shield
rNeg     + . .     Spirit   .   b - +0 scale mail
rPois    ∞         Reflect  .   (no helmet)
rElec    +         Harm     .   (no cloak)
rCorr    .         Rampage  .   (no gloves)
Will     .....                  e - +0 pair of boots
Stlth    ..........             (no amulet)
HPRegen  0.08/turn              (no ring)
MPRegen  0.08/turn              (no ring)

@: mighty
A: sickness immunity, AC +3, negative energy resistance 1, electricity
resistance, torment resistance 1, petrification resistance
a: no special abilities


You were on level 2 of the Dungeon.
You visited 1 branch of the dungeon, and saw 2 of its levels.

You collected 35 gold pieces.

Inventory:

Hand Weapons
 a - a +0 flail (weapon)
Armour
 b - a +0 scale mail (worn)
 c - a +0 kite shield (worn)
 e - a +0 pair of boots (worn)
Potions
 f - 2 potions of heal wounds {unknown}


   Skills:
 + Level 3.9 Fighting
 - Level 3.0 Maces & Flails
 + Level 4.0 Armour
 - Level 3.2 Shields


You had 2 spell levels left.
You didn't know any spells.
Your spell library contained the following spells:

 Spells                   Type           Power      Damage    Failure   Level
 Confusing Touch          Hex            0%         N/A       100%        3
 Gell's Gravitas          Tloc           0%         N/A       100%        3
 Petrify                  Tmut/Erth      0%         N/A       100%        4
 Metabolic Englaciation   Hex/Ice        0%         N/A       100%        5
 Yara's Violent Unravell  Hex/Tmut       0%         3d3       100%        5


Dungeon Overview and Level Annotations

Branches:
Dungeon (2/15)

Altars:


Innate Abilities, Weirdness & Mutations

You are immune to sickness and miasma.
Your stone body is resilient. (AC +3)
You are immune to poison.
You resist negative energy. (rN+)
You are resistant to electric shocks. (rElec)
You are resistant to unholy torment.
You are immune to petrification.


Message History

The endoplasm freezes you.
You are frozen.
The bat hits you but does no damage.
You closely miss the bat. You block the bat's attack.
The endoplasm hits you but does no damage.
The bat hits you but does no damage. The kobold hits you but does no damage.
The endoplasm freezes you.
You are frozen.
You sock the kobold!
You kill the kobold!
The bat barely misses you.
The endoplasm hits you but does no damage.
The kobold closely misses you.
You bludgeon the kobold!!
You kill the kobold!
You block the bat's attack. The bat completely misses you.
You block the kobold's attack. The endoplasm freezes you.
You are frozen.
The bat hits you but does no damage. The kobold hits you but does no damage.
You thump the kobold!
You kill the kobold!
The bat hits you but does no damage. x2
The endoplasm freezes you.
You are frozen.
The bat closely misses you. The endoplasm freezes you.
You are frozen.
* * * LOW HITPOINT WARNING * * *
The hobgoblin hits you.
* * * LOW HITPOINT WARNING * * *
Your Armour skill increases to level 4!
You barely miss the hobgoblin. The bat hits you.
* * * LOW HITPOINT WARNING * * *
The endoplasm hits you but does no damage.
The hobgoblin hits you but does no damage.
Unknown command.
You closely miss the hobgoblin. The bat barely misses you.
The bat completely misses you. The endoplasm freezes you.
You are frozen.
You die...

####################
#..................#
#.#########)#####†## #.#######
#.# #.# ###........ ..# #.#
####...######.....# #.#
#....###g)..###...# #.#
#...##..J@b...##..# #.# #####
#...#..######..#..# #.# ....#
#..##.## ##.##.# #.# ....#
#..#K.# #..#.# #.# ....#
#..#K.# #..#.####.#
....#####.#.....##..#..#......#
....>.....#..g.g....#..#.######
.......†..##..#....##.##.#
...†.......#..######..#..#


You could see an endoplasm, a hobgoblin and a bat.

Vanquished Creatures
  An adder (D:2)
  A dart slug (D:2)
  A bat (D:2)
  A giant cockroach (D:1)
  5 goblins
  2 hobgoblins (D:1)
  7 jackals (D:1)
  2 quokkas (D:1)
  3 ball pythons
  3 frilled lizards
  10 kobolds
  6 rats
42 creatures vanquished.

Notes
Turn   | Place    | Note
-------+----------+-------------------------------------------
     0 | D:1      | experimilk the Gargoyle Fighter began the quest for the
                  | Orb.
     0 | D:1      | Reached XP level 1. HP: 14/14 MP: 1/1
   393 | D:1      | Found a faded altar of an unknown god.
   436 | D:1      | Reached XP level 2. HP: 13/19 MP: 2/2
  1033 | D:1      | Reached XP level 3. HP: 23/23 MP: 3/3
  1693 | D:2      | Reached skill level 4 in Armour
  1694 | D:2      | Frozen to death by an endoplasm

Illustrated notes

Levels and vault maps discovered:
D:1:      dpeg_arrival_round_a, layout_loops_ring, basic_ecumenical_altar,
          hangedman_abyss_or_decor_stabs, st_stairs_13, fountainhead
D:2:      layout_basic, minmay_randomly_rotated_circles

Skill      XL: |  1  2  3 |
---------------+----------+-----
Maces & Flails | 3 |  3.0
Armour         | 4 |  4.0
Fighting       | |  3.9
Shields        | |  3.2

Action                   || total
-------------------------++-------
Melee: Flail             ||   172
  Use: Potion            ||     1
Armor: Scale mail        ||   121
Dodge: Dodged            ||    52
Block: Kite shield       ||    93

Table legend: (Time is in decaauts)
 A = Elapsed time spent in this place.
 B = Non-inter-level travel time spent in this place.
 C = Inter-level travel time spent in this place.
 D = Time resting spent in this place.
 E = Time spent auto-exploring this place.
 F = Levels seen in this place.
 G = Mean time per level.
                   A        B        C        D        E       F      G
               +--------+--------+--------+--------+--------+-----+--------+
         Total |   1780 |   1738 |     42 |    565 |    663 |   2 |  890.0 |
       Dungeon |   1780 |   1738 |     42 |    565 |    663 |   2 |  890.0 |
               +--------+--------+--------+--------+--------+-----+--------+

Top non-repeatable levels by time:
     D:1: 1548 daAuts
     D:2: 232 daAuts
